 Dungeon Crawl Stone Soup version 0.23.0 (webtiles) character file.

Game seed: 16574427375579458282

49930 HEYYEYAAE the Warrior (level 14, -8/112 HPs)
             Began as an Octopode Hunter on Feb 9, 2019.
             Was the Champion of Okawaru.
             Mangled by a two-headed ogre
             ... wielding a +1 great mace of flaming
              (12 damage)
             ... while paralysed by an ogre mage
             ... in a volcano.
             The game lasted 00:47:28 (23688 turns).

HEYYEYAAE the Warrior (Octopode Hunter)            Turns: 23688, Time: 00:47:28

Health: -8/112     AC:  4    Str: 12    XL:     14   Next: 53%
Magic:  18/18      EV:  2    Int: 19    God:    Okawaru [******]
Gold:   234        SH:  0    Dex: 16    Spells: 17/19 levels left

rFire    + + +     SeeInvis .   x - +4 hand crossbow (freeze)
rCold    x x .     Gourm    .   (no shield)
rNeg     . . .     Faith    .   S - +0 hat {Int+3}
rPois    .         Spirit   .   o - amulet of regeneration
rElec    .         Reflect  .   h - ring of protection from fire
rCorr    .         Harm     .   r - ring of flight
MR       +....                  w - +3 ring of protection
Stlth    +++.......             R - +2 ring of intelligence
HPRegen  0.68/turn              G - ring of fire
MPRegen  0.16/turn              O - ring of fire
                                (no ring)
                                (no ring)

@: paralysed
A: almost no armour, stealthy swim, amphibious, 8 rings, constrict 8, camouflage
1, gelatinous body 1
a: Heroism, Finesse, Renounce Religion, Evoke Flight


You were in a volcano.
You worshipped Okawaru.
Okawaru was exalted by your worship.
You were not hungry.

You visited 3 branches of the dungeon, and saw 20 of its levels.
You also visited: Ice Cave and Volcano.

You collected 1292 gold pieces.
You spent 1058 gold pieces at shops.

Inventory:

Hand Weapons
 a - a +5 hand crossbow of flaming
 b - a +2 dagger of venom
 c - a +2 spear of freezing
 l - a +1 arbalest of flaming
 x - a +4 hand crossbow of freezing (weapon)
 P - a +0 arbalest of velocity
 W - a +3 hand crossbow of freezing
Missiles
 H - 11 bolts (quivered)
Armour
 n - the +7 shield of Eternity {rElec Regen+, unknown}
   (Okawaru gifted it to you on level 2 of the Lair of Beasts)

   It insulates you from electricity.
   It increases your rate of regeneration.
 S - a +0 hat of intelligence (worn)
Jewellery
 h - a ring of protection from fire (left tentacle)
 o - an amulet of regeneration (around mantle)
 r - a ring of flight (right tentacle)
 w - a +3 ring of protection (on tentacle)
 G - a ring of fire (on tentacle)
 O - a ring of fire (on tentacle)
 R - a +2 ring of intelligence (on tentacle)
Wands
 m - a wand of polymorph (48)
 u - a wand of flame (1)
 C - a wand of random effects (18)
Scrolls
 f - 4 scrolls of amnesia
 g - 7 scrolls of remove curse
 j - 9 scrolls of enchant armour
 k - 5 scrolls of fog
 q - a scroll of noise
 v - 2 scrolls of magic mapping
 y - a scroll of teleportation
 D - a scroll of fear
 J - 3 scrolls of immolation
 K - a scroll of holy word
 L - a scroll of identify
Potions
 e - a potion of haste
 i - 3 potions of lignification
 p - 3 potions of brilliance
 s - 2 potions of cancellation
 t - a potion of magic {unknown}
 A - 5 potions of curing
 E - a potion of ambrosia
 I - 2 potions of mutation
 M - 3 potions of might {unknown}
 N - a potion of heal wounds
 Q - a potion of resistance {unknown}
 T - 2 potions of invisibility
 V - a potion of flight {unknown}
Miscellaneous
 F - a lightning rod (1/4)
Comestibles
 d - 38 rations
 z - 4 chunks of flesh


   Skills:
 + Level 16.2 Fighting
 * Level 14.2 Crossbows
 + Level 11.9 Dodging
 - Level 1.3 Stealth
 + Level 2.9 Shields
 + Level 3.0 Spellcasting
 + Level 7.9 Translocations


You had 17 spell levels left.
You knew the following spells:

 Your Spells              Type           Power        Failure   Level  Hunger
a - Blink                 Tloc           N/A          1%          2    ##.....

Your spell library contained the following spells:

 Spells                   Type           Power        Failure   Level  Hunger
 Shroud of Golubria       Chrm/Tloc      ###.......   4%          2    ##.....
 Infusion                 Chrm           #...         16%         1    None
 Magic Dart               Conj           #...         16%         1    None
 Call Imp                 Summ           #.......     22%         2    ##.....
 Slow                     Hex            #.......     22%         2    ##.....
 Song of Slaying          Chrm           #.......     22%         2    ##.....
 Conjure Flame            Conj/Fire      #.......     41%         3    ###....
 Mephitic Cloud           Conj/Pois/Air  #.......     41%         3    ###....
 Regeneration             Chrm/Necr      #.........   41%         3    ###....
 Spectral Weapon          Hex/Chrm       #.......     41%         3    ###....
 Bolt of Magma            Conj/Fire/Erth #.........   99%         5    ######.
 Irradiate                Conj/Tmut      #.........   99%         5    ######.
 Iskenderun's Battlesphe  Conj/Chrm      #.......     99%         5    ######.
 Venom Bolt               Conj/Pois      #.........   99%         5    ######.
 Hydra Form               Tmut           #.........   100%        6    #######
 Iron Shot                Conj/Erth      #.........   100%        6    #######
 Statue Form              Tmut/Erth      #........    100%        6    #######
 Dragon Form              Tmut           #.........   100%        7    #######
 Orb of Destruction       Conj           #.........   100%        7    #######
 Spellforged Servitor     Conj/Summ      #.........   100%        7    #######


Dungeon Overview and Level Annotations

Branches:
Dungeon (15/15)            Temple (1/1) D:6            Lair (4/6) D:8
  Swamp (0/4) Lair:2        Snake (0/4) Lair:3          Orc (0/2) D:10
 Vaults (0/5) D:14         Depths (0/5) D:15

Altars:
Cheibriados
Dithmenos
Elyvilon
Fedhas
Gozag
Kikubaaqudgha
Makhleb
Okawaru
Qazlal
Sif Muna
Trog
Uskayaw
Vehumet
Wu Jian
Xom
Yredelemnul
The Shining One
Lugonu

Shops:
D:6 *   D:8 :   D:11 *(*}}   D:12 }*([[

Annotations:
D:4 Dowan, Duvessa


Innate Abilities, Weirdness & Mutations

You cannot wear most types of armour.
You are very stealthy in the water. (Stealth+)
You are amphibious.
You can wear up to eight rings at the same time.
You can use your tentacles to constrict eight enemies at once.
Your skin changes colour to match your surroundings (Stealth+).
Your rubbery body absorbs attacks. (AC +1, EV +1)


Message History

The two-headed ogre hits you with a +0 great mace of flaming!
The two-headed ogre hits you with a +2 great mace of flaming.
The two-headed ogre hits you with a +1 great mace of flaming!
The two-headed ogre hits you with a +0 great mace of flaming!
The molten gargoyle hits you with a +0 mace!!
* * * LOW HITPOINT WARNING * * *
You are engulfed in flames.
You resist.
* * * LOW HITPOINT WARNING * * *
The two-headed ogre hits you with a +0 great mace of flaming!
* * * LOW HITPOINT WARNING * * *
The two-headed ogre hits you with a +2 great mace of flaming!
* * * LOW HITPOINT WARNING * * *
The ogre mage gestures wildly while chanting.
The ogre mage seems to speed up.
The two-headed ogre hits you with a +1 great mace of flaming!!
* * * LOW HITPOINT WARNING * * *
The two-headed ogre burns you.
* * * LOW HITPOINT WARNING * * *
The two-headed ogre hits you with a +0 great mace of flaming!
You die...

## ##.#######
+...#$$(.
#._.+)![# #...
##8### .
#...##....## ...
##'##......#
8..⌠.#OO9#.⌠..8.#
.....'O@O'......#
....##...##....##
#### ##'########
##..## #.#
##....####.##
##......##8)8#
##........#...#
#....≈≈.......##
##....§≈≈§......##


You could see 3 two-headed ogres, an ogre mage and a molten gargoyle.

Vanquished Creatures
  A yaktaur captain (D:15)
  Erolcha (D:9)
  3 hydras
  A vault guard (D:14)
  2 centaur warriors
  An ogre mage (D:15)
  6 two-headed ogres
  6 death yaks
  A tengu warrior (D:14)
  Nergalle (D:10)
  4 skeletal warriors
  2 orc knights (D:15)
  An orc sorcerer (D:15)
  3 ugly things
  A deep elf mage (D:14)
  A manticore (D:14)
  A black mamba (Lair:3)
  3 centaur zombies
  2 ice statues (IceCv)
  A molten gargoyle (D:12)
  A gargoyle (D:15)
  2 spiny frogs
  3 rime drakes
  5 komodo dragons
  2 hellions (D:15)
  A redback zombie (D:14)
  A kobold demonologist (D:12)
  A yaktaur (D:15)
  6 ice devils (IceCv)
  A tengu conjurer (D:12)
  3 trolls
  Grinder (D:3)
  A harpy skeleton (D:14)
  2 slime creatures
  A meliai zombie (D:15)
  9 blink frogs
  Sigmund (D:2)
  5 hippogriffs
  3 wyverns
  5 fire bats (Volcano)
  2 wraiths
  4 basilisks
  12 yaks
  3 hungry ghosts
  6 vampire mosquitoes (Lair:2)
  Menkaure (D:6)
  2 acid dragons (D:11)
  5 nagas (Lair:3)
  2 insubstantial wisps (Lair:2)
  2 water moccasins
  7 porcupines
  2 swamp drakes
  An eye of draining (D:12)
  3 ice beasts
  8 orc warriors
  4 sky beasts
  A phantom (D:5)
  6 necrophages
  2 wolves (Lair:1)
  6 ogres
  7 centaurs
  3 big kobolds
  7 crocodiles
  16 bullfrogs
  A wyvern zombie (D:14)
  4 jellies
  A scorpion (D:7)
  7 killer bees
  15 wights
  2 electric eels (D:11)
  3 bullfrog zombies
  6 crimson imps
  6 hounds
  9 lava snakes
  7 orc priests
  8 orc wizards
  3 bullfrog skeletons
  5 centaur skeletons
  10 iguanas
  Ijyb (D:3)
  Natasha (D:2)
  6 worker ants
  Terence (D:2)
  2 hound zombies
  A hound skeleton (D:7)
  Robin (D:3)
  2 howler monkey skeletons
  14 adders
  5 shadow imps
  8 white imps (IceCv)
  10 ufetubi (IceCv)
  An adder zombie (D:7)
  4 worms
  5 leopard geckos
  56 orcs
  9 bats
  5 giant cockroaches
  15 goblins
  5 hobgoblins
  12 jackals
  15 kobolds
  5 quokkas
  A ball python (D:5)
  3 frilled lizards
  2 leopard gecko skeletons
  A quokka zombie (D:6)
  5 rats
491 creatures vanquished.

Vanquished Creatures (collateral kills)
  A two-headed ogre (Volcano)
  A hell knight (Volcano)
  Grum (Lair:1)
  A crimson imp (D:15)
4 creatures vanquished.

Vanquished Creatures (others)
  An ogre mage (D:15)
  2 orc warriors
  A crocodile (D:10)
  An orc wizard (D:9)
  2 white imps (IceCv)
  3 orcs
  2 bushes (D:7)
  A fungus (D:8)
  6 plants
19 creatures vanquished.

Grand Total: 514 creatures vanquished

Notes
Turn   | Place    | Note
-------+----------+-------------------------------------------
     0 | D:1      | HEYYEYAAE the Octopode Hunter began the quest for the Orb.
     0 | D:1      | Reached XP level 1. HP: 14/14 MP: 1/1
   314 | D:1      | Reached XP level 2. HP: 18/19 MP: 2/2
   713 | D:2      | Noticed Terence
   726 | D:2      | Killed Terence
   726 | D:2      | Reached XP level 3. HP: 11/25 MP: 3/3
  1073 | D:2      | Reached skill level 3 in Fighting
  1073 | D:2      | Reached XP level 4. HP: 31/31 MP: 4/4
  1391 | D:2      | Noticed a +0 dagger
  1392 | D:2      | Noticed a +0 dagger
  1705 | D:2      | Found a hide-covered altar of Uskayaw.
  1715 | D:2      | Noticed Sigmund
  1777 | D:1      | Reached XP level 5. HP: 26/36 MP: 5/5
  1985 | D:2      | Noticed Natasha
  1992 | D:2      | Killed Natasha
  2277 | D:3      | Noticed Robin
  2306 | D:2      | Reached skill level 5 in Crossbows
  2625 | D:2      | Killed Sigmund
  2625 | D:2      | Reached skill level 4 in Fighting
  2625 | D:2      | Reached XP level 6. HP: 43/43 MP: 6/6
  2823 | D:3      | Noticed Grinder
  2830 | D:3      | Paralysed by Grinder for 5 turns
  3043 | D:3      | Killed Robin
  3110 | D:3      | Found a bloodstained altar of Trog.
  3192 | D:3      | Noticed Ijyb
  3202 | D:3      | Paralysed by Ijyb for 7 turns
  3213 | D:3      | Killed Ijyb
  3448 | D:3      | Paralysed by Grinder for 5 turns
  3461 | D:3      | Paralysed by Grinder for 4 turns
  3470 | D:3      | Killed Grinder
  3470 | D:3      | Reached XP level 7. HP: 42/49 MP: 7/7
  3639 | D:3      | Reached skill level 5 in Fighting
  4035 | D:4      | Noticed Duvessa
  4036 | D:4      | Noticed Dowan
  4038 | D:4      | Noticed Duvessa
  4038 | D:4      | Duvessa changed into Duvessa the crocodile
  4280 | D:4      | Reached skill level 5 in Dodging
  4973 | D:5      | Entered Level 5 of the Dungeon
  5025 | D:5      | Reached XP level 8. HP: 11/56 MP: 8/8
  5847 | D:5      | Found a shimmering altar of Xom.
  5849 | D:5      | Found an opulent altar of Gozag.
  5855 | D:5      | Reached skill level 6 in Fighting
  5856 | D:5      | Found an ancient bone altar of Kikubaaqudgha.
  5856 | D:5      | Found a burning altar of Makhleb.
  5937 | D:6      | Noticed Menkaure
  6067 | D:6      | Reached XP level 9. HP: 57/63 MP: 9/9
  6323 | D:6      | Reached skill level 7 in Fighting
  6415 | D:6      | Found a basalt altar of Yredelemnul.
  6475 | D:6      | Found a staircase to the Ecumenical Temple.
  6607 | Temple   | Entered the Ecumenical Temple
  6753 | Temple   | Became a worshipper of Warmaster Okawaru
  7257 | D:6      | Killed Menkaure
  7296 | D:6      | Found Omoes's General Store.
  7304 | D:6      | Bought a +2 hand crossbow of flaming for 237 gold pieces
  7878 | D:7      | Reached * piety under Okawaru
  8426 | D:7      | Noticed a green ugly thing
  8499 | D:7      | Found a blossoming altar of Fedhas.
  8567 | D:7      | Reached skill level 8 in Fighting
  8785 | D:7      | Reached XP level 10. HP: 63/72 MP: 10/10
  9038 | D:8      | Reached skill level 9 in Fighting
  9391 | D:8      | Reached ** piety under Okawaru
  9663 | D:8      | Found Cipt's Book Shop.
  9688 | D:8      | Found a staircase to the Lair.
  9884 | D:8      | Found a glowing golden altar of the Shining One.
  9914 | D:8      | Reached skill level 10 in Fighting
  9944 | D:9      | Noticed Erolcha
  9957 | D:9      | Killed Erolcha
 10255 | D:9      | Found a white marble altar of Elyvilon.
 10388 | D:9      | Found a stormy altar of Qazlal.
 10466 | D:9      | Reached skill level 11 in Fighting
 10501 | D:9      | Reached *** piety under Okawaru
 10531 | D:9      | Noticed a two-headed ogre
 10567 | D:9      | Received a gift from Okawaru
 10573 | D:9      | Killed a two-headed ogre
 10676 | D:9      | Reached skill level 12 in Fighting
 10741 | D:9      | Reached XP level 11. HP: 85/85 MP: 11/11
 10779 | D:9      | Received a gift from Okawaru
 10779 | D:9      | Reached skill level 10 in Crossbows
 10880 | D:10     | Entered Level 10 of the Dungeon
 10987 | D:10     | Found a shimmering altar of Xom.
 11175 | D:10     | Noticed a two-headed ogre
 11181 | D:10     | Killed a two-headed ogre
 11181 | D:10     | Reached **** piety under Okawaru
 11181 | D:10     | Received a gift from Okawaru
 11181 | D:10     | Reached skill level 13 in Fighting
 11343 | D:10     | Noticed Nergalle
 11350 | D:10     | Found a staircase to the Orcish Mines.
 11350 | D:10     | Noticed a two-headed ogre
 11653 | D:11     | Found a hide-covered altar of Uskayaw.
 11989 | D:11     | Found Laclih's Assorted Antiques.
 11993 | D:11     | Received a gift from Okawaru
 12014 | D:11     | Reached skill level 10 in Dodging
 12064 | D:11     | Bought a scroll of teleportation for 78 gold pieces
 12070 | D:11     | Noticed a brown ugly thing
 12080 | D:11     | Killed a brown ugly thing
 12080 | D:11     | Reached skill level 14 in Fighting
 12164 | D:11     | Found Ineaha's Assorted Antiques.
 12174 | D:11     | Bought a scroll of identify for 58 gold pieces
 12174 | D:11     | Bought a scroll of enchant weapon for 217 gold pieces
 12214 | D:11     | Found Nurhazug's Weapon Shop.
 12288 | D:11     | Found Kippiuk's Gadget Emporium.
 12290 | D:11     | Found Ukubom's Gadget Boutique.
 12790 | D:12     | Found Nuivaopn's Antique Armour Shoppe.
 12821 | D:12     | Found Comaril's Weapon Shoppe.
 12821 | D:12     | Found Korr's Antique Armour Emporium.
 12844 | D:12     | Bought 21 bolts for 50 gold pieces
 12979 | D:12     | Reached ***** piety under Okawaru
 13229 | D:12     | Found Poggiuhe's Gadget Boutique.
 13304 | D:12     | Reached XP level 12. HP: 56/97 MP: 9/12
 13443 | D:12     | Found Yceveosk's Assorted Antiques.
 13451 | D:12     | Bought a scroll of identify for 76 gold pieces
 13558 | D:12     | Noticed a two-headed ogre
 13564 | D:12     | Killed a two-headed ogre
 13564 | D:12     | Received a gift from Okawaru
 13792 | D:12     | Received a gift from Okawaru
 13792 | D:12     | Reached skill level 15 in Fighting
 14208 | D:13     | Received a gift from Okawaru
 14252 | D:13     | Noticed a two-headed ogre
 14260 | D:13     | Killed a two-headed ogre
 15426 | D:14     | Noticed a centaur warrior
 15433 | D:14     | Killed a centaur warrior
 15641 | D:14     | Noticed a tengu warrior
 15647 | D:14     | Killed a tengu warrior
 15807 | D:14     | Received a gift from Okawaru
 16084 | D:14     | Noticed a five-headed hydra
 16086 | D:14     | Noticed a vault guard
 16150 | D:13     | Learned a level 2 spell: Blink
 16262 | D:14     | Found a gate to the Vaults.
 16370 | D:14     | Killed a vault guard
 16370 | D:14     | Reached skill level 1 in Translocations
 16370 | D:14     | Reached XP level 13. HP: 64/105 MP: 8/13
 16472 | D:15     | Entered Level 15 of the Dungeon
 16507 | D:15     | Noticed a yaktaur captain
 16546 | D:15     | Killed a yaktaur captain
 16772 | D:15     | Found a staircase to the Depths.
 17131 | D:15     | Reached ****** piety under Okawaru
 17309 | D:15     | Reached skill level 5 in Translocations
 17370 | D:15     | Found a corrupted altar of Lugonu.
 18112 | D:12     | Bought a scroll of identify for 76 gold pieces
 18112 | D:12     | Bought a wand of paralysis (7) for 76 gold pieces
 18112 | D:12     | Bought a scroll of identify for 76 gold pieces
 18112 | D:12     | Bought a potion of curing for 114 gold pieces
 18415 | D:10     | Killed Nergalle
 18491 | Lair:1   | Entered Level 1 of the Lair of Beasts
 18699 | Lair:1   | Received a gift from Okawaru
 18803 | Lair:1   | Noticed Grum
 18808 | Lair:1   | Killed Grum
 19654 | Lair:2   | Found a staircase to the Swamp.
 19728 | Lair:2   | Reached skill level 16 in Fighting
 19986 | Lair:2   | Received a gift from Okawaru
 19986 | Lair:2   | Reached skill level 1 in Spellcasting
 20033 | Lair:2   | Got a fine shield {god gift}
 20381 | Lair:1   | Reached XP level 14. HP: 93/112 MP: 5/16
 20698 | Lair:2   | Reached skill level 1 in Shields
 21211 | Lair:3   | Found a frozen archway.
 21264 | IceCv    | Entered an ice cave
 22211 | IceCv    | Noticed a reaper
 22591 | Lair:3   | Found a staircase to the Snake Pit.
 23291 | Lair:4   | Found a dark tunnel.
 23363 | Volcano  | Entered a volcano
 23419 | Volcano  | Received a gift from Okawaru
 23680 | Volcano  | Found a radiant altar of Vehumet.
 23685 | Volcano  | Paralysed by an ogre mage for 4 turns
 23688 | Volcano  | HP: 5/112 [two-headed ogre/+1 great mace of flaming (23)]
 23688 | Volcano  | Mangled by a two-headed ogre

Skill      XL: |  1  2  3  4  5  6  7  8  9 10 11 12 13 14 |
---------------+-------------------------------------------+-----
Fighting       | 3 4 5 6 8 12 14 15 16 | 16.2
Dodging        | 3 4 5 6 8 9 10 11 | 11.9
Crossbows      | 5 6 7 8 9 10 12 13 14 | 14.2
Translocations | 1 7 |  7.9
Spellcasting   | 1 3 |  3.0
Shields        | 2 |  2.9
Stealth        | |  1.3

Action                   |  1- 3 |  4- 6 |  7- 9 | 10-12 | 13-15 || total
-------------------------+-------+-------+-------+-------+-------++-------
Melee: Short sword       |       |     7 |    80 |     9 |       ||    96
       Tentacles         |       |     7 |    30 |    23 |     3 ||    63
       Constrict         |       |     4 |    21 |    15 |     1 ||    41
       Dagger            |       |    18 |    50 |    78 |     6 ||   152
       Spear             |       |       |       |     4 |       ||     4
 Fire: Hand crossbow     |    52 |   143 |   272 |   555 |   716 ||  1738
 Cast: Blink             |       |       |       |     1 |    56 ||    57
Invok: Heroism           |       |       |       |     2 |     2 ||     4
Evoke: Wand              |       |     4 |     5 |    17 |    25 ||    51
       Lightning rod     |       |       |       |     3 |     7 ||    10
  Use: Potion            |       |     5 |     2 |     8 |     6 ||    21
       Scroll            |       |     8 |     9 |    17 |    10 ||    44
 Stab: Sleeping          |       |       |       |     3 |       ||     3
  Eat: Chunk             |       |     8 |     6 |    13 |     8 ||    35
       Ration            |       |       |     3 |     3 |     6 ||    12
Armor: Skin              |     4 |    11 |     6 |     8 |    13 ||    42
Dodge: Dodged            |    11 |   104 |   216 |   251 |   238 ||   820
